 Dungeon Crawl Stone Soup version 0.17-a0-1202-g2dd280d (webtiles) character file.

79199 Kisielow the Thaumaturge (level 15, -3/94 HPs)
             Began as a Gargoyle Earth Elementalist on June 2, 2015.
             Was the Champion of Vehumet.
             Engulfed by a cloud of freezing vapour (7 damage)
             ... in an ice cave on June 3, 2015.
             The game lasted 02:55:08 (34647 turns).

Kisielow the Thaumaturge (GrEE)                    Turns: 34647, Time: 02:55:08

Health: -3/94      AC: 32    Str: 15    XL:     15   Next: 62%
Magic:  12/41      EV: 14    Int: 22    God:    Vehumet [******]
Gold:   2697       SH:  0    Dex: 12    Spells: 11 memorised, 8 levels left

rFire  + . .     SeeInvis .     V - staff of conjuration
rCold  + . .     Clarity  .     n - +2 robe {Archmagi}
rNeg   + . .     SustAt   .     (no shield)
rPois  ∞         Gourm    +     U - +0 helmet
rElec  +         Spirit   .     A - +1 cloak {rPois}
rCorr  +         Warding  .     C - +2 pair of gloves {Str+3}
rMut   .         Stasis   .     O - +1 pair of boots
MR     +....                    T - amulet of the gourmand
Stlth  ++........               b - ring of magical power
                                Y - ring of Robustness {AC+8}

@: resistant, flying, delayed fireball, somewhat resistant to hostile
enchantments, unstealthy
A: big wings, molten scales 1, agile 1, negative energy resistance 1,
electricity resistance, unbreathing, petrification resistance, rot immunity, AC
+11
a: Stop Flying, Renounce Religion, Release Delayed Fireball


You were in an ice cave.
You worshipped Vehumet.
Vehumet was exalted by your worship.
You were hungry.

You visited 6 branches of the dungeon, and saw 24 of its levels.
You also visited: Labyrinth, Sewer and Ice Cave.

You collected 2798 gold pieces.
You spent 101 gold pieces at shops.

Inventory:

Missiles
 a - 383 stones (quivered)
Armour
 n - a +2 robe of the Archmagi (worn)
 A - a +1 cloak of poison resistance (worn)
 C - a +2 pair of gloves of strength (worn)
 O - a +1 pair of boots (worn)
 U - a +0 helmet (worn)
Magical staves
 S - an uncursed staff of earth
 V - an uncursed staff of conjuration (weapon)
Jewellery
 b - a ring of magical power (right hand)
 c - a +3 ring of evasion
 J - an uncursed ring of protection from fire
 M - an uncursed ring of teleportation
 T - an amulet of the gourmand (around neck)
 Y - the ring of Robustness (left hand) {AC+8}
   (You found it on level 6 of the Lair of Beasts)

   [ring of protection]

   It affects your AC (+8).
Magical devices
 q - a wand of cold (2)
 w - a wand of invisibility (5)
 H - a wand of teleportation (4)
 Q - a wand of lightning (7)
Scrolls
 g - a scroll of identify
 i - 5 scrolls of teleportation
 o - 5 scrolls of remove curse
 v - 2 scrolls of magic mapping
Potions
 e - 4 potions of berserk rage
 h - 8 potions of curing
 p - 5 potions of haste
 r - 5 potions of brilliance
 s - 5 potions of might
 x - a potion of magic
 R - 2 potions of cancellation
 X - a potion of invisibility
Books
 f - a book of Alchemy

   Spells                             Type                      Level
   a - Sublimation of Blood           Necromancy                   2
   b - Ignite Poison                  Fire/Transmutation/Poison    3
   c - Alistair's Intoxication        Transmutation/Poison         4
   d - Condensation Shield            Ice                          4
   e - Petrify                        Transmutation/Earth          4
   f - Irradiate                      Conjuration/Transmutation    5
Miscellaneous
 j - a plain deck of war {the Elements, drawn: 1}
 N - a phial of floods
 W - a lamp of fire
Comestibles
 d - 16 bread rations
 m - 5 meat rations
 D - 6 beef jerkies
 G - 12 royal jellies


   Skills:
 + Level 11.0 Fighting
   Level 5.0 Maces & Flails
 - Level 5.4 Dodging
 - Level 2.1 Stealth
 * Level 13.9 Spellcasting
 + Level 11.8 Conjurations
 - Level 0.7 Transmutations
 + Level 9.2 Fire Magic
 + Level 13.2 Earth Magic
 + Level 1.1 Poison Magic
 - Level 5.6 Evocations


You had 8 spell levels left.
You knew the following spells:

 Your Spells              Type           Power        Failure   Level  Hunger
a - Sandblast             Erth           ######       1%          1    None
b - Flame Tongue          Conj/Fire      #####        1%          1    None
c - Petrify               Trmt/Erth      ######..     2%          4    None
d - Lee's Rapid Deconstr  Erth           #######...   1%          5    ###....
e - Delayed Fireball      Conj/Fire      N/A          13%         7    ######.
f - Fireball              Conj/Fire      #######...   1%          5    ###....
q - Stoneskin             Trmt/Erth      ######..     1%          2    None
r - Iron Shot             Conj/Erth      ########..   1%          6    #####..
s - Stone Arrow           Conj/Erth      ######       1%          3    None
w - Apportation           Tloc           ###.......   6%          1    None
x - Ignite Poison         Fire/Trmt/Pois #####...     1%          3    None


Dungeon Overview and Level Annotations

Branches:
Dungeon (9/15)             Temple (1/1) D:4            Lair (8/8) D:9
  Swamp (1/4) Lair:6        Snake (0/4) Lair:6        Slime (0/6) Lair:7
    Orc (4/4) D:9             Elf (1/3) Orc:3

Altars:
Ashenzari
Cheibriados
Dithmenos
Elyvilon
Fedhas
Gozag
Kikubaaqudgha
Makhleb
Nemelex Xobeh
Okawaru
Qazlal
Ru
Sif Muna
Trog
Vehumet
Xom
Yredelemnul
Zin
The Shining One
Jiyva

Shops:
D:4 [   D:7 }   Orc:2 *   Orc:4 ?}?(

Annotations:
Elf:1 Louise


Innate Abilities, Weirdness & Mutations

You are resistant to torment.
Your stone body is resilient (AC +11).
You are immune to poison.
Your large and strong wings let you fly indefinitely.
You resist negative energy.
You are resistant to electric shocks.
You can survive without breathing.
You are immune to petrification.
You are immune to rotting.
You are partially covered in molten scales (AC +1).
You are agile. (Dex +2)


Message History

You feel a strong surge of power!
The iron shot hits the blizzard demon.
The blizzard demon is severely wounded.
You are feeling hungry.
The blizzard demon gestures at you. The bolt of cold hits you!
* * * LOW HITPOINT WARNING * * *
Drink which item? (? for menu, Esc to quit)
You feel better.
Your surroundings suddenly seem different.
You start resting.
You are engulfed in freezing vapours.
Drink which item? (? for menu, Esc to quit)
You feel protected.
You are engulfed in freezing vapours.
You resist.
* * * LOW HITPOINT WARNING * * *
Drink which item? (? for menu, Esc to quit)
You feel better.
You are engulfed in freezing vapours.
You resist.
* * * LOW HITPOINT WARNING * * *
You are engulfed in freezing vapours.
You resist.
You die...

##### ###### ###...##
#######....## ##......#
#.##...##.#[## ##...##..#
.#...#####.#.####...##...#
.#..## #...####...####..##
.#### ##...##...####...#
..## ##...##§§# #....#
#..## #..###§@####..∩#
##..### #..####§§##∩..##
###..#####..#.§§§§##### ##
##...#####..§#§## .##
#..###.########
..####....#....#
#..####..#####.### #...#
##......#..# ..###
####.##..###


There were no monsters in sight!

Vanquished Creatures
  An orc warlord (Orc:2)
  A blizzard demon (IceCv)
  A fire dragon (Lair:8)
  4 hydras
  A minotaur (Lab)
  Fannar (Orc:1)
  2 death yaks (Lair:8)
  2 alligators (Swamp:1)
  4 orc high priests (Orc:4)
  2 deep elf knights (Elf:1)
  Nergalle (Orc:1)
  5 ice devils (IceCv)
  An ice statue (IceCv)
  A lindwurm (Lair:8)
  3 deep elf summoners (Elf:1)
  A deep elf conjurer (Elf:1)
  An orc sorcerer (Orc:4)
  A moth of wrath (D:8)
  13 black mambas
  A wolf spider (Orc:1)
  Maurice (Orc:1)
  13 elephants
  10 spiny frogs
  2 deep elf priests (Elf:1)
  5 anaconda simulacra (IceCv)
  A hellwing (Orc:4)
  8 fire drakes
  A queen bee (Lair:8)
  12 komodo dragons
  A wolf spider simulacrum (IceCv)
  A fire vortex (Lair:7)
  A golden dragon simulacrum (IceCv)
  A slime creature (Lair:7)
  A troll (Orc:1)
  A blue devil (IceCv)
  4 freezing wraiths (IceCv)
  3 ravens (Swamp:1)
  27 blink frogs
  A bog body (Swamp:1)
  A boulder beetle (Lair:6)
  A two-headed ogre (Orc:2)
  12 deep elf magi (Elf:1)
  4 basilisks
  2 redbacks
  A tarantella (Orc:1)
  35 yaks
  A wyvern (Lair:8)
  A steam dragon (Lair:8)
  2 hungry ghosts
  3 vampire mosquitoes (Lair:6)
  A dire elephant simulacrum (IceCv)
  2 fire elementals (Lair:7)
  6 deep elf fighters (Elf:1)
  12 hippogriffs
  A spriggan (D:7)
  A soldier ant (shapeshifter) (Elf:1)
  18 wolves
  3 harpy simulacra (IceCv)
  3 iron troll simulacra (IceCv)
  3 nagas (Lair:6)
  A mottled dragon (Lair:8)
  Duvessa (D:6)
  8 wargs
  Purgy (Sewer)
  3 swamp drakes (Lair:8)
  21 water moccasins
  12 porcupines
  26 orc warriors
  2 hydra simulacra (IceCv)
  2 ice beasts
  3 black bears
  4 phantoms
  3 sky beasts
  4 ogres
  5 centaurs
  A spider (Orc:1)
  11 crocodiles
  4 big kobolds (D:9)
  16 giant frogs
  A brain worm (Lair:7)
  Dowan (D:6)
  A scorpion (D:6)
  34 killer bees
  A lava snake (Lair:4)
  3 draconian simulacra (IceCv)
  5 electric eels
  4 crimson imps
  37 orc priests
  A jelly (D:8)
  Crazy Yiuf (D:5)
  The ghost of Mulkerokala the Sneak, a weakling FeEn of Dithmenos (D:4)
  2 centaur skeletons
  A giant frog skeleton (D:9)
  4 hounds
  13 iguanas
  37 orc wizards
  A hell rat (Elf:1)
  Natasha (thrice) (D:2)
  3 wolf simulacra (IceCv)
  2 spriggan simulacra (IceCv)
  3 troll simulacra (IceCv)
  4 worker ants
  13 sheep
  2 centaur simulacra (IceCv)
  38 river rats
  11 adders
  An ogre simulacrum (IceCv)
  A shadow imp (D:7)
  A naga simulacrum (IceCv)
  4 white imps (IceCv)
  3 ufetubi (IceCv)
  An ooze (D:2)
  7 worms
  2 giant geckos
  163 orcs
  3 ball pythons
  18 bats
  10 giant cockroaches
  30 goblins
  10 hobgoblins
  9 jackals
  12 quokkas
  A giant cockroach zombie (D:5)
  5 giant newts
  A jackal skeleton (D:8)
  34 kobolds
  22 rats
  A bush (D:5)
  6 fungi
  3 plants (Lair:8)
957 creatures vanquished.

Vanquished Creatures (others)
  2 ufetubi (IceCv)
  A hobgoblin (D:3)
  2 bushes
  12 fungi
  13 plants
30 creatures vanquished.

Grand Total: 987 creatures vanquished

Notes
Turn   | Place    | Note
--------------------------------------------------------------
     0 | D:1      | Kisielow the Gargoyle Earth Elementalist began the quest for the Orb.
     0 | D:1      | Reached XP level 1. HP: 10/10 MP: 3/3
   241 | D:1      | Reached skill level 4 in Earth Magic
   241 | D:1      | Reached XP level 2. HP: 15/15 MP: 1/5
   673 | D:1      | Learned a level 2 spell: Stoneskin
   973 | D:1      | Reached XP level 3. HP: 17/19 MP: 0/7
  1115 | D:1      | Learned a level 3 spell: Stone Arrow
  1360 | D:2      | Found an opulent altar of Gozag.
  1801 | D:2      | Found a stormy altar of Qazlal.
  1804 | D:2      | Noticed Natasha
  1810 | D:2      | Killed Natasha
  1810 | D:2      | Reached skill level 1 in Conjurations
  1810 | D:2      | Reached XP level 4. HP: 24/24 MP: 5/8
  2108 | D:2      | Noticed Natasha
  2111 | D:2      | Killed Natasha
  2726 | D:2      | Noticed Natasha
  2731 | D:2      | Killed Natasha
  2801 | D:3      | Reached XP level 5. HP: 28/28 MP: 2/10
  2814 | D:3      | Learned a level 5 spell: Lee's Rapid Deconstruction
  3138 | D:3      | Found a glowing silver altar of Zin.
  3217 | D:3      | Reached skill level 5 in Earth Magic
  3510 | D:3      | Found a sparkling altar of Nemelex Xobeh.
  3606 | D:3      | Reached XP level 6. HP: 32/32 MP: 8/12
  3614 | D:3      | Noticed a hungry ghost
  3728 | D:4      | Killed a hungry ghost
  4357 | D:4      | Noticed Mulkerokala's ghost (weakling FeEn)
  4362 | D:4      | Killed Mulkerokala's ghost
  4362 | D:4      | Reached XP level 7. HP: 34/36 MP: 8/14
  4516 | D:4      | Reached skill level 5 in Spellcasting
  4609 | D:4      | Found a staircase to the Ecumenical Temple.
  4616 | Temple   | Entered the Ecumenical Temple
  4769 | Temple   | Became a worshipper of Vehumet
  4808 | D:4      | Reached skill level 1 in Maces & Flails
  5029 | D:4      | Found Buklosoe's Antique Armour Emporium.
  5329 | D:5      | Entered Level 5 of the Dungeon
  5491 | D:5      | Found a basalt altar of Yredelemnul.
  5536 | D:5      | Reached skill level 1 in Fighting
  5591 | D:5      | Acquired Vehumet's first power
  5591 | D:5      | Offered knowledge of Shock by Vehumet.
  5611 | D:5      | Found a glowing drain.
  5630 | Sewer    | Entered a sewer
  5767 | Sewer    | Noticed Purgy
  5782 | Sewer    | Killed Purgy
  5933 | D:5      | Found an iron altar of Okawaru.
  6073 | D:5      | Reached skill level 6 in Earth Magic
  6218 | D:5      | Reached XP level 8. HP: 43/43 MP: 12/16
  6985 | D:5      | Noticed Crazy Yiuf
  6988 | D:5      | Killed Crazy Yiuf
  7305 | D:6      | Noticed Dowan
  7306 | D:6      | Noticed Duvessa
  7483 | D:6      | Killed Dowan
  7491 | D:6      | Killed Duvessa
  7950 | D:6      | Found a blossoming altar of Fedhas.
  8237 | D:6      | Reached XP level 9. HP: 22/51 MP: 13/18
  8522 | D:6      | Reached skill level 5 in Conjurations
  8637 | D:6      | Offered knowledge of Flame Tongue by Vehumet.
  8640 | D:6      | Learned a level 1 spell: Flame Tongue
  8875 | D:7      | Reached skill level 7 in Earth Magic
  8934 | D:7      | Found Odayt's Quality Used Wands.
  9080 | D:7      | Found a shadowy altar of Dithmenos.
  9081 | D:7      | Found a white marble altar of Elyvilon.
  9629 | D:7      | Upgraded the game from 0.17-a0-1195-g0639cb0 to 0.17-a0-1202-g2dd280d
  9658 | D:8      | Learned a level 4 spell: Petrify
  9741 | D:8      | Reached skill level 1 in Fire Magic
 10222 | D:8      | Offered knowledge of Throw Frost by Vehumet.
 10470 | D:8      | Noticed a moth of wrath
 10480 | D:8      | Killed a moth of wrath
 10480 | D:8      | Reached XP level 10. HP: 58/58 MP: 19/21
 10632 | D:8      | Found a bloodstained altar of Trog.
 11192 | D:8      | Acquired Vehumet's second power
 11450 | D:9      | Reached skill level 8 in Spellcasting
 11463 | D:9      | Offered knowledge of Airstrike by Vehumet.
 11463 | D:9      | Reached skill level 5 in Fighting
 11986 | D:9      | Acquired Vehumet's third power
 12149 | D:9      | Offered knowledge of Fireball by Vehumet.
 12157 | D:9      | Learned a level 5 spell: Fireball
 12324 | D:9      | Found a staircase to the Orcish Mines.
 12389 | D:9      | Found a staircase to the Lair.
 12418 | D:9      | Reached skill level 5 in Maces & Flails
 12573 | D:9      | Reached XP level 11. HP: 58/64 MP: 1/23
 13183 | Lair:1   | Entered Level 1 of the Lair of Beasts
 13314 | Lair:1   | Offered knowledge of Throw Icicle by Vehumet.
 13766 | Lair:1   | Reached skill level 9 in Earth Magic
 14480 | Lair:2   | Noticed a five-headed hydra
 14496 | Lair:2   | Reached skill level 5 in Dodging
 14879 | Lair:2   | Killed a five-headed hydra
 15807 | Lair:2   | Reached skill level 10 in Spellcasting
 15807 | Lair:2   | Reached XP level 12. HP: 66/72 MP: 7/26
 15832 | Lair:2   | Reached skill level 5 in Fire Magic
 16706 | Lair:3   | Noticed a five-headed hydra
 16715 | Lair:3   | Killed a five-headed hydra
 16715 | Lair:3   | Reached skill level 10 in Earth Magic
 17368 | Lair:4   | Gained mutation: You are partially covered in molten scales (AC +1). [potion of beneficial mutation]
 18416 | Lair:5   | Got a polished chain mail
 18427 | Lair:5   | Identified the cursed +0 chain mail "Wapluupp" {rN++} (You found it on level 5 of the Lair of Beasts)
 18593 | Lair:6   | Found a staircase to the Snake Pit.
 18938 | Lair:6   | Reached skill level 11 in Spellcasting
 19413 | Lair:6   | Found a staircase to the Swamp.
 19524 | Lair:6   | Reached XP level 13. HP: 79/79 MP: 28/28
 19906 | Lair:1   | Offered knowledge of Venom Bolt by Vehumet.
 20328 | Lair:7   | Found a labyrinth entrance.
 20345 | Lab      | Entered a labyrinth
 21009 | Lab      | Noticed a minotaur
 21017 | Lab      | Killed a minotaur
 21021 | Lab      | Got a fine spear {venom}
 21240 | Lair:1   | Learned a level 1 spell: Apportation
 21249 | Lair:1   | Identified the +9 spear "Rysop" {venom, rC+ MR- Int+4 Stlth+} (You took it off a minotaur in a labyrinth)
 21260 | Lair:1   | Identified a +3 rod of the swarm (11/11) (You found it in a labyrinth)
 22106 | Lair:7   | Found a glowing golden altar of the Shining One.
 22306 | Lair:7   | Found a staircase to the Slime Pits.
 22306 | Lair:7   | Found a viscous altar of Jiyva.
 22590 | Lair:7   | Reached skill level 10 in Conjurations
 23011 | Lair:8   | Entered Level 8 of the Lair of Beasts
 23277 | Lair:8   | Reached skill level 12 in Spellcasting
 23470 | Lair:8   | Gained mutation: You are agile. (Dex +2) [potion of beneficial mutation]
 23880 | Lair:8   | Offered knowledge of Bolt of Draining by Vehumet.
 24367 | Lair:8   | Reached skill level 1 in Evocations
 24367 | Lair:8   | Gained mutation: Your large and strong wings let you fly indefinitely. [Gargoyle growth]
 24367 | Lair:8   | Reached XP level 14. HP: 83/87 MP: 9/30
 25576 | Lair:8   | Reached skill level 10 in Fighting
 25915 | Lair:8   | Offered knowledge of Delayed Fireball by Vehumet.
 25935 | Lair:8   | Learned a level 7 spell: Delayed Fireball
 28062 | Orc:1    | Entered Level 1 of the Orcish Mines
 28153 | Orc:1    | Noticed Fannar
 28325 | Orc:1    | Noticed Nergalle
 28337 | Orc:1    | Killed Nergalle
 28879 | Orc:1    | Killed Fannar
 28879 | Orc:1    | Reached skill level 13 in Spellcasting
 29097 | Orc:1    | Noticed Maurice
 29104 | Orc:1    | Killed Maurice
 29220 | Orc:2    | Found Xunidgh's Assorted Antiques.
 29303 | Orc:2    | Bought a scroll labeled LEITI DUNAJ for 29 gold pieces
 29482 | Orc:3    | Reached skill level 5 in Evocations
 29555 | Orc:3    | Offered knowledge of Ozocubu's Refrigeration by Vehumet.
 30045 | Orc:2    | Noticed an orc warlord
 30052 | Orc:2    | Killed an orc warlord
 30211 | Orc:4    | Entered Level 4 of the Orcish Mines
 30932 | Orc:4    | Reached XP level 15. HP: 93/93 MP: 10/32
 31291 | Orc:4    | Offered knowledge of Iron Shot by Vehumet.
 31306 | Orc:3    | Learned a level 6 spell: Iron Shot
 31497 | Orc:4    | Found Mafopt's Gadget Emporium.
 31497 | Orc:4    | Found Inekist's Magic Scroll Emporium.
 31498 | Orc:4    | Found Saush's Magic Scroll Shoppe.
 31501 | Orc:4    | Found Betrigu's Weapon Shoppe.
 31516 | Orc:4    | Bought a scroll of identify for 24 gold pieces
 31516 | Orc:4    | Bought a scroll of identify for 24 gold pieces
 31516 | Orc:4    | Bought a scroll of identify for 24 gold pieces
 31674 | Orc:3    | Found a staircase to the Elven Halls.
 32056 | Elf:1    | Entered Level 1 of the Elven Halls
 32819 | Elf:1    | Noticed Louise
 33212 | Swamp:1  | Entered Level 1 of the Swamp
 33241 | Swamp:1  | Learned a level 3 spell: Ignite Poison
 33334 | Swamp:1  | Found a frozen archway.
 33342 | IceCv    | Entered an ice cave
 34609 | IceCv    | Offered knowledge of Bolt of Cold by Vehumet.
 34618 | IceCv    | Reached skill level 1 in Poison Magic
 34619 | IceCv    | HP: 3/94 [blizzard demon/bolt of cold (33)]
 34646 | IceCv    | HP: 4/94 [something (8)]
 34647 | IceCv    | Engulfed by a cloud of freezing vapour

Vault maps used:
D:1:      onia_arrival_mini_spirals, minmay_misc_feat_enclosed
D:2:      lemuel_doored_altar, minmay_misc_feat_square, grunt_gozag_statues,
          uniq_natasha
D:3:      zin_academy, nemelex_altar_shiori, hangedman_feature_mirror,
          minmay_crystal_water
D:4:      minmay_temple_entry_metal_lava, first_bread, serial_shops, shop
D:5:      nicolae_overflow_crystal_walls, portal_sewer_entry_e,
          okawaru_gym_becter, uniq_crazy_yiuf_cottage
D:6:      fedhas_bush_and_centaur_altar, uniq_duvessa
D:7:      gammafunk_temple_overflow_statue, the_bakery,
          nicolae_for_you_no_charge
D:8:      minmay_statues_item, tgw_trog
D:9:      lair_0_dummy, david_orc_4
Temple:   water_room_temple_b_12
Lair:2:   grunt_forest_large_clearings
Lair:3:   serial_bayou_shore_a
Lair:5:   bh_autumn_forest_stairs, lemuel_fruit_fields
Lair:6:   minmay_swamp_entry_swarm, guppyfry_snake_entry_island,
          infiniplex_staircase_pool
Lair:7:   slime_altar_1, lab_entry_generic, basic_altar
Lair:8:   hangedman_lair_in_review, guppyfry_lair_end_dragon, special_room
Swamp:1:  cheibrodos_swamp_tower_of_moss, portal_ice_cave_entry_pillars_03,
          basic_altar
Orc:1:    nicolae_orc_accident_3, uniq_nergalle, uniq_maurice, uniq_fannar
Orc:2:    serial_shops, shop
Orc:3:    nicolae_orc_pool_cavern
Orc:4:    st_orc_mages
Elf:1:    minmay_elf_arrival_circle, orc_legates, uniq_louise
Lab:      labyrinth_lava_lair, nicolae_lab_stuck
Sewer:    sewer_big_baddie
IceCv:    ice_cave_caverns_03

Action                   |  1- 3 |  4- 6 |  7- 9 | 10-12 | 13-15 || total
-------------------------+-------+-------+-------+-------+-------++-------
Melee: Unarmed           |     2 |       |       |       |       ||     2
       Club              |    17 |    11 |       |       |       ||    28
       Morningstar       |       |     4 |    82 |       |       ||    86
       Hammer            |       |       |    19 |       |       ||    19
       Flail             |       |       |       |    34 |       ||    34
       Staff             |       |       |       |       |    48 ||    48
 Cast: Sandblast         |    72 |   114 |   134 |    96 |    79 ||   495
       Stoneskin         |       |     1 |     2 |     2 |     2 ||     7
       Stone Arrow       |       |       |    82 |   220 |   375 ||   677
       Lee's Rapid Decon |       |       |    17 |    60 |   107 ||   184
       Petrify           |       |       |     4 |    17 |    37 ||    58
       Fireball          |       |       |       |    21 |   147 ||   168
       Delayed Fireball  |       |       |       |       |     1 ||     1
       Iron Shot         |       |       |       |       |    43 ||    43
 Abil: Fly               |       |       |       |       |     1 ||     1
Evoke: Wand              |       |       |       |       |     8 ||     8
       Deck              |       |       |       |       |     1 ||     1
       Phial of floods   |       |       |       |       |     1 ||     1
  Use: Scroll            |       |     9 |    10 |     8 |    26 ||    53
       Potion            |       |       |       |     3 |     8 ||    11
  Eat: Chunk             |     3 |     9 |    16 |    37 |    53 ||   118
       Meat ration       |       |       |     1 |       |     2 ||     3
       Bread ration      |       |       |     1 |       |       ||     1
       Fruit             |       |       |       |    11 |    23 ||    34
       Royal jelly       |       |       |       |     1 |     2 ||     3
       Pizza             |       |       |       |       |     1 ||     1
       Beef jerky        |       |       |       |       |     1 ||     1
